 Dungeon Crawl Stone Soup version 0.30-a0-1035-g38d5fb2972 (webtiles) character file.

Game seed: 4856705142116004382

245 DeathPants the Stinger (level 6, -1/45 HPs)
             Began as a Ghoul Venom Mage on Apr 8, 2023.
             Slain by a phantom (6 damage)
             ... on level 4 of the Dungeon.
             The game lasted 00:10:43 (3602 turns).

DeathPants the Stinger (Ghoul Venom Mage)           Turns: 3602, Time: 00:10:44

Health: -1/45      AC:  5    Str: 12    XL:     6   Next: 10%
Magic:  9/9        EV: 12    Int: 12    God:
Gold:   582        SH:  0    Dex:  9    Spells: 1/11 levels left

rFire   + . .      SeeInvis .    l - +1 war axe
rCold   + . .      Faith    .    (no shield)
rNeg    + + +      Spirit   .    d - +0 robe
rPois   ∞          Reflect  .    u - +0 helmet
rElec   .          Rampage  .    r - +0 cloak
rCorr   .                        (no gloves)
Will    .....                    s - +0 pair of boots
Stlth   ++                       (no amulet)
HPRegen 0.00/turn                p - ring of protection from fire
MPRegen 0.11/turn                (no ring)

@: inhibited regen
A: claws 1, cold resistance 1, negative energy resistance 3, inhibited
regeneration, torment resistance 2, devour on kill
a: no special abilities


You were on level 4 of the Dungeon.
You visited 1 branch of the dungeon, and saw 4 of its levels.

You collected 582 gold pieces.

Inventory:

Hand Weapons
 a - a +0 dagger
 l - a +1 war axe (weapon)
Missiles
 b - 6 poisoned darts
 c - 3 javelins
Armour
 d - a +0 robe (worn)
 r - a +0 cloak (worn)
 s - a +0 pair of boots (worn)
 u - a +0 helmet (worn)
Jewellery
 p - a ring of protection from fire (left claw)
Scrolls
 f - a scroll of magic mapping {unknown}
 i - a scroll of blinking {unknown}
 j - a scroll of amnesia {unknown}
 k - a scroll of fog
 m - a scroll of noise {unknown}
 n - a scroll of enchant weapon
Potions
 e - a potion of magic
 g - a potion of flight
 h - 2 potions of curing
 o - a potion of mutation {unknown}
 q - 2 potions of haste {unknown}
 t - a potion of invisibility {unknown}
 v - a potion of brilliance {unknown}
 w - a potion of cancellation {unknown}


   Skills:
 - Level 1.7 Dodging
 - Level 2.1 Stealth
 + Level 3.2 Spellcasting
 - Level 0.8 Transmutations
 * Level 5.7 Poison Magic


You had one spell level left.
You knew the following spells:

 Your Spells              Type           Power      Damage    Failure   Level
a - Sting                 Tmut/Pois      36%        1d4       6%          1
b - Poisonous Vapours     Pois/Air       16%        N/A       11%         2
c - Mephitic Cloud        Conj/Pois/Air  6%         N/A       32%         3
d - Olgreb's Toxic Radia  Pois           15%        N/A       22%         4

Your spell library contained the following spells:

 Spells                   Type           Power      Damage    Failure   Level


Dungeon Overview and Level Annotations

Branches:
Dungeon (4/15)
 Temple: D:4-7

Altars:
Cheibriados
Dithmenos
Gozag
Hepliaklqana
Makhleb
Nemelex Xobeh
Ru
Xom
Yredelemnul

Annotations:
D:4 Blork the orc


Innate Abilities, Weirdness & Mutations

You are immune to poison.
You have sharp fingernails.
Your flesh is cold resistant. (rC+)
You are immune to negative energy. (rN+++)
You do not regenerate when monsters are visible.
You are immune to unholy pain and torment.
You thrive by killing the living.


Message History

You hit the phantom.
The phantom is moderately damaged.
The phantom hits you but does no damage. x2
You hit the phantom.
The phantom is heavily damaged.
The phantom hits you.
The phantom blinks!
You blink.
The phantom barely misses you.
You barely miss the phantom.
The phantom is moderately damaged.
The phantom hits you. x2
You closely miss the phantom.
The phantom is moderately damaged.
The phantom barely misses you.
You slash the phantom!
The phantom is severely damaged.
The phantom barely misses you. The phantom misses you.
You closely miss the phantom.
The phantom is heavily damaged.
The phantom barely misses you.
You barely miss the phantom.
The phantom is heavily damaged.
The phantom hits you but does no damage. x2
You hit the phantom but do no damage.
The phantom is heavily damaged.
The phantom barely misses you.
You barely miss the phantom.
The phantom is heavily damaged.
The phantom hits you.
* * * LOW HITPOINT WARNING * * *
The phantom hits you.
* * * LOW HITPOINT WARNING * * *
The phantom blinks!
You blink.
You hit the phantom.
The phantom is severely damaged.
The phantom hits you.
* * * LOW HITPOINT WARNING * * *
You slash the phantom!
The phantom is almost destroyed.
The phantom hits you.
You die...

#...#.....[#
#......#o### ###.#..# #
......# #### .#..##..#
#... ........#
####...#######..#####.#
.................... ..
#....@......... .#
.........W.....>...#
######........#....#
########$#....# #####
..#.# ...# ...<# #.#.#
..# ##### ####.#.# ..#
#......# #...†..#


You could see a phantom.

Vanquished Creatures
  An iguana (D:4)
  2 orc wizards (D:3)
  Natasha (twice) (D:3)
  3 adders
  3 worms
  A dart slug (D:2)
  7 orcs
  5 endoplasms
  A giant cockroach (D:1)
  9 goblins
  5 hobgoblins
  3 jackals (D:3)
  4 quokkas
  10 ball pythons
  4 bats
  4 frilled lizards
  6 kobolds
  4 rats
74 creatures vanquished.

Notes
Turn   | Place    | Note
-------+----------+-------------------------------------------
     0 | D:1      | DeathPants the Ghoul Venom Mage began the quest for the
                  | Orb.
     0 | D:1      | Reached XP level 1. HP: 14/14 MP: 2/2
   223 | D:1      | Reached XP level 2. HP: 20/20 MP: 0/4
   270 | D:1      | Learned a level 2 spell: Poisonous Vapours
   968 | D:1      | Reached XP level 3. HP: 22/26 MP: 0/5
  1333 | D:2      | Reached skill level 4 in Poison Magic
  1823 | D:3      | Found a faded altar of an unknown god.
  1897 | D:2      | Reached XP level 4. HP: 27/33 MP: 6/6
  2038 | D:2      | Identified a scroll of acquirement
  2038 | D:2      | Acquired 443 gold pieces
  2125 | D:3      | Found a sparkling altar of Nemelex Xobeh.
  2128 | D:3      | Found a sacrificial altar of Ru.
  2200 | D:3      | Found a basalt altar of Yredelemnul.
  2202 | D:3      | Found an opulent altar of Gozag.
  2203 | D:3      | Found a burning altar of Makhleb.
  2205 | D:3      | Found a snail-covered altar of Cheibriados.
  2402 | D:3      | Reached XP level 5. HP: 11/38 MP: 2/8
  2578 | D:4      | Noticed Blork the orc
  2631 | D:3      | Reached skill level 5 in Poison Magic
  3068 | D:3      | Noticed Natasha
  3079 | D:3      | Killed Natasha
  3302 | D:3      | Learned a level 3 spell: Mephitic Cloud
  3307 | D:3      | Learned a level 4 spell: Olgreb's Toxic Radiance
  3351 | D:3      | Found a shimmering altar of Xom.
  3351 | D:3      | Found a shadowy altar of Dithmenos.
  3352 | D:3      | Found a hazy altar of Hepliaklqana.
  3385 | D:3      | Noticed Natasha
  3390 | D:3      | Killed Natasha
  3506 | D:4      | Reached XP level 6. HP: 33/45 MP: 6/9
  3602 | D:4      | Slain by a phantom

Illustrated notes

Levels and vault maps discovered:
D:1:      minmay_arrival_checkered_box, layout_loops_ring
D:2:      layout_loops_ring
D:3:      layout_basic, mainiacjoe_overflow_24_doors,
          gammafunk_temple_overflow_claw, grunt_temple_overflow_open,
          ebering_ecumenical_altar_webs, chequers_serial_rivers_small_a,
          corexii_leaking_fountain, uniq_natasha
D:4:      layout_basic, temple_fountains, uniq_blork_the_orc

Skill      XL: |  1  2  3  4  5 |
---------------+----------------+-----
Spellcasting   | 2 3 |  3.2
Poison Magic   | 4 5 |  5.7
Dodging        | |  1.7
Stealth        | |  2.1
Transmutations | |  0.8

Action                     |  1- 3 |  4- 6 || total
---------------------------+-------+-------++-------
  Melee: Unarmed           |     5 |       ||     5
         Dagger            |    53 |       ||    53
         War axe           |    41 |   121 ||   162
         Punch             |       |     1 ||     1
   Fire: Sling             |     5 |       ||     5
  Throw: Dart              |       |     1 ||     1
   Cast: Sting             |    42 |    31 ||    73
    Use: Scroll            |       |     5 ||     5
   Stab: Sleeping          |     3 |       ||     3
 Armour: Robe              |    19 |    54 ||    73
  Dodge: Dodged            |    70 |    75 ||   145

Table legend: (Time is in decaauts)
 A = Elapsed time spent in this place.
 B = Non-inter-level travel time spent in this place.
 C = Inter-level travel time spent in this place.
 D = Time resting spent in this place.
 E = Time spent auto-exploring this place.
 F = Levels seen in this place.
 G = Mean time per level.
                   A        B        C        D        E       F      G
               +--------+--------+--------+--------+--------+-----+--------+
         Total |   3690 |   3646 |     44 |    238 |   2407 |   4 |  922.5 |
       Dungeon |   3690 |   3646 |     44 |    238 |   2407 |   4 |  922.5 |
               +--------+--------+--------+--------+--------+-----+--------+

Top non-repeatable levels by time:
     D:3: 1403 daAuts
     D:2: 1080 daAuts
     D:1: 1074 daAuts
     D:4: 132 daAuts
